AoeStats
← WardedWorm3

Arena

510523511Analyzed
1v1 RM · 23h ago on Oct 1, 2026· 47m 48s· 2 players
Game mode
Random Map
Map size
Tiny (2 player)
Population
200
Speed
Normal
Resources
Standard
Victory
Conquest
Starting age
Dark Age
Ending age
Imperial Age
RankedLock teamsTeams togetherTeam positionsShared explorationLock speedFull tech treeHidden civsTurbo modeCheats
Victory
Defeat
🇨🇴 Danes · Colombia
1037
+18
🇨🇴 Spanish · Colombia
1070
-18
abdalayaralamedicina
10:22 Feudal Age
14:41 Castle Age
12:37 Double-Bit Axe
12:41 Horse Collar
13:58 Gold Mining
22:56 Wheelbarrow
22:07 Loom
22:15 Loom
24:34 Gold Mining
24:35 Stone Mining
24:47 Heavy Plow
31:09 Imperial Age
28:52 Fletching
29:03 Padded Archer Armor
29:17 Town Watch
30:38 Gold Shaft Mining
30:39 Stone Shaft Mining
30:29 Bow Saw
29:59 Elite Skirmisher
31:09 Bodkin Arrow
31:24 Thumb Ring
31:29 Devotion
32:23 Ballistics
32:13 Squires
32:34 Hand Cart
33:22 Pikeman
34:33 Conscription
34:33 Scale Mail Armor
34:43 Forging
34:55 Siege Engineers
34:35 Halberdier
36:56 Iron Casting
36:36 Chain Mail Armor
38:13 Chemistry
36:59 Arrowslits
37:12 Elite Varangian Guard
38:16 Leather Archer Armor
38:20 Arson
38:22 Gambesons
38:45 Bracer
39:45 Blast Furnace
39:16 Plate Mail Armor
38:54 Hamask
40:23 Ring Archer Armor
40:01 Man-at-Arms
40:33 Long Swordsman
41:05 Two-Handed Swordsman
41:56 Champion
43:08 Masonry
43:48 Hoardings
WardedWorm3
10:11 Feudal Age
9:00 Loom
14:35 Castle Age
13:38 Stone Mining
13:36 Double-Bit Axe
14:34 Horse Collar
21:08 Wheelbarrow
22:45 Bow Saw
23:28 Sanctity
26:29 Fletching
27:31 Town Watch
31:36 Imperial Age
28:39 Man-at-Arms
29:05 Gambesons
29:39 Squires
29:54 Scale Mail Armor
30:14 Gold Mining
30:08 Long Swordsman
30:34 Arson
31:58 Chain Mail Armor
32:55 Two-Handed Swordsman
34:48 Plate Mail Armor
35:09 Conscription
35:32 Capped Ram
36:40 Forging
37:08 Heavy Plow
37:13 Champion
39:47 Iron Casting
39:11 Bodkin Arrow
40:10 Hand Cart
42:15 Conscription
43:16 Scale Barding Armor
44:12 Blast Furnace
44:26 Chemistry
43:40 Masonry
43:51 Ballistics
43:27 Murder Holes
45:02 Chain Barding Armor
44:46 Bracer
44:09 Light Cavalry
45:00 Bloodlines
44:51 Husbandry
Connection lost

Rejoining the realm…

Still unreachable

The connection could not be restored.

Session expired

The server has moved on; the page needs a fresh start.